 Dungeon Crawl Stone Soup version 0.29.0-4-gdea44cf6ec (webtiles) character file.

Game seed: 6376835503825574714

103 qw the Chopper (level 4, -6/26 HPs)
             Began as a Tengu Warper on Aug 28, 2022.
             Killed from afar by an orc wizard (7 damage)
             ... with a magic dart
             ... on level 3 of the Dungeon.
             The game lasted 00:00:12 (1967 turns).

qw the Chopper (Tengu Warper)                       Turns: 1967, Time: 00:00:12

Health: -6/26      AC:  9    Str: 20    XL:     4   Next: 79%
Magic:  8/8        EV:  8    Int: 13    God:
Gold:   91         SH:  0    Dex: 13    Spells: 7/7 levels left

rFire   . . .      SeeInvis .   Y - +0 hand axe
rCold   . . .      Faith    .   (no shield)
rNeg    . . .      Spirit   .   g - +0 chain mail
rPois   .          Reflect  .   (helmet restricted)
rElec   .          Harm     .   f - +0 cloak
rCorr   .          Rampage  .   (no gloves)
Will    .....                   (boots unavailable)
Stlth   ..........              (no amulet)
HPRegen 0.08/turn               d - +6 ring of strength
MPRegen 0.11/turn               (no ring)

@: confused
A: beak, talons 3
a: no special abilities


You were on level 3 of the Dungeon.
You visited 1 branch of the dungeon, and saw 3 of its levels.

You collected 91 gold pieces.


Innate Abilities, Weirdness & Mutations

You have a beak for a mouth.
You have claws for feet.


   Skills:
 - Level 2.0 Fighting
 + Level 5.3 Axes
 - Level 1.0 Throwing
 - Level 1.1 Armour
 - Level 2.1 Dodging
 - Level 2.0 Spellcasting
 - Level 2.4 Translocations


You had 7 spell levels left.
You didn't know any spells.
Your spell library contained the following spells:

 Spells                   Type           Power      Damage    Failure   Level
 Blink                    Tloc           14%        N/A       86%         2
 Gell's Gravitas          Tloc           7%         N/A       98%         3
 Lesser Beckoning         Tloc           7%         N/A       98%         3
 Teleport Other           Tloc           7%         N/A       98%         3
 Manifold Assault         Tloc           7%         N/A       100%        5

Inventory:

Hand Weapons
 a - a +0 whip
 Y - a +0 hand axe (weapon)
Armour
 f - a +0 cloak (worn)
 g - a +0 chain mail (worn)
Jewellery
 d - a +6 ring of strength (left hand)
Potions
 b - a potion of ambrosia {unknown}
 c - a potion of mutation {unknown}

Dungeon Overview and Level Annotations

Branches:
Dungeon (3/15)

Altars:


Message History

You miss the orc wizard.
You claw the orc wizard, but do no damage.
You hit the orc but do no damage. You closely miss the orc.
The orc barely misses you. The orc hits you but does no damage.
The orc wizard barely misses you.
You miss the orc wizard. You claw the orc wizard!
The orc wizard is heavily wounded.
You closely miss the orc. You barely miss the orc.
You float gracefully downwards.
You feel less confused. The orc barely misses you.
The orc wizard barely misses you. The orc hits you but does no damage.
You hit the orc wizard. Your kick misses the orc wizard.
The orc wizard is almost dead.
You barely miss the orc. You hit the orc but do no damage.
The orc hits you with a +0 club. The orc wizard casts a spell at you.
You are confused.
The orc barely misses you.
The orc wizard attacks as you move away!
The orc wizard hits you but does no damage.
The orc wizard casts a spell.
The orc wizard flickers and vanishes!
Deactivating autopickup; reactivate with Ctrl-A.
The orc closely misses you.
You miss the orc. You claw the orc.
The orc is lightly wounded.
You closely miss the orc. The orc hits you with a +0 club.
The orc hits you with a +0 falchion!
You bump into the rock wall.
The orc hits you but does no damage. Something hits you but does no damage.
The orc hits you but does no damage.
You barely miss the orc. Your kick misses the orc. You peck the orc.
The orc is almost dead.
You miss something. You hit the orc but do no damage.
The orc hits you but does no damage.
You hear some strange, mumbled words.
A magic dart appears from out of thin air!
The magic dart hits you!
You die...

##.......##
##.....##
######.[.##
........##
######[!#
#..# #..##
##{..##
#@o)).#
##o.......
#...#####
..#.#
.....#
######


You could see 2 orcs.

Vanquished Creatures
  An orc wizard (D:3)
  2 adders (D:2)
  A worm (D:2)
  4 orcs
  5 endoplasms
  4 goblins
  6 hobgoblins
  5 jackals (D:1)
  A quokka (D:1)
  3 ball pythons (D:1)
  7 bats (D:1)
  5 frilled lizards
  8 rats
52 creatures vanquished.

Vanquished Creatures (others)
  2 fungi (D:2)
  A plant (D:2)
3 creatures vanquished.

Grand Total: 55 creatures vanquished

Notes
Turn   | Place    | Note
-------+----------+-------------------------------------------
     0 | D:1      | qw the Tengu Warper began the quest for the Orb.
     0 | D:1      | Reached XP level 1. HP: 12/12 MP: 4/4
     0 | D:1      | 0 ||| qw: Version: 0.1-a-89-g26bdef1
     0 | D:1      | 0 ||| qw: Game counter: 1331
     0 | D:1      | 0 ||| qw: Always use a shield: true
     0 | D:1      | 0 ||| qw: God list: Okawaru
     0 | D:1      | 0 ||| qw: Allow faded altars: false
     0 | D:1      | 0 ||| qw: Do Orc after D:15 true
     0 | D:1      | 0 ||| qw: Do second Lair branch before Depths: true
     0 | D:1      | 0 ||| qw: Lair rune preference: random
     0 | D:1      | 0 ||| qw: Plans: Normal
     0 | D:1      | 0 ||| PLANNING D:1-11
    44 | D:1      | 44 ||| Stepping ~*~*~tactically~*~*~ (stealth).
    50 | D:1      | 50 ||| Stepping ~*~*~tactically~*~*~ (stealth).
    60 | D:1      | Reached XP level 2. HP: 6/17 MP: 6/6
    69 | D:1      | Reached skill level 3 in Axes
   339 | D:1      | 339 ||| Stepping ~*~*~tactically~*~*~ (stealth).
   346 | D:1      | 346 ||| Stepping ~*~*~tactically~*~*~ (stealth).
   537 | D:1      | 537 ||| Stepping ~*~*~tactically~*~*~ (stealth).
   659 | D:1      | Reached XP level 3. HP: 19/21 MP: 7/7
   697 | D:1      | 697 ||| Stepping ~*~*~tactically~*~*~ (stealth).
   698 | D:1      | 698 ||| Stepping ~*~*~tactically~*~*~ (stealth).
   720 | D:1      | Reached skill level 4 in Axes
   726 | D:1      | HP: 5/21 [rat (3)]
   991 | D:1      | 991 ||| Stepping ~*~*~tactically~*~*~ (stealth).
  1194 | D:1      | 1194 ||| UPGRADING to +0 cloak.
  1199 | D:1      | 1199 ||| UPGRADING to +0 chain mail.
  1209 | D:1      | 1209 ||| DROPPING +0 leather armour.
  1210 | D:1      | 1210 ||| READING scroll labelled QAWAVV GAPNEWI.
  1211 | D:1      | 1211 ||| READING scroll labelled RALITU WONUEDU.
  1212 | D:1      | 1212 ||| DROPPING scroll of blinking.
  1253 | D:2      | 1253 ||| DROPPING +0 club.
  1280 | D:2      | 1280 ||| Stepping ~*~*~tactically~*~*~ (stealth).
  1318 | D:2      | Found a faded altar of an unknown god.
  1462 | D:2      | Reached XP level 4. HP: 25/26 MP: 8/8
  1728 | D:2      | Identified the +8 spear of Ru's Approval {vorpal, rElec}
  1824 | D:2      | 1824 ||| Stepping ~*~*~tactically~*~*~ (stealth).
  1912 | D:2      | 1912 ||| UPGRADING to +6 ring of strength.
  1913 | D:2      | 1913 ||| DRINKING 2 silvery potions.
  1914 | D:2      | 1914 ||| DROPPING potion of flight.
  1960 | D:3      | Reached skill level 5 in Axes
  1965 | D:3      | HP: 1/26 [orc/+0 falchion (7)]
  1967 | D:3      | Killed from afar by an orc wizard

Levels and vault maps discovered:
D:1:      ncdulo_watergridlock, layout_rooms
D:2:      layout_rooms, serial_aquarium, aquarium_bridge_square
          [aquarium_subvault_bridge, aquarium_subvault_wall,
          aquarium_subvault_window, aquarium_subvault_window],
          aquarium_bridge_square [aquarium_subvault_wall,
          aquarium_subvault_bridge, aquarium_subvault_wall,
          aquarium_subvault_window], aquarium_window_fake, aquarium_window_fake,
          aquarium_view_2f, aquarium_view_2f, dreamdust_ecumenical_altar_grove,
          grunt_ministairs_12, corexii_hall_statues_l
D:3:      cheibrodos_helix_gallery, layout_loops_corners,
          kennysheep_generic_room_5, uniq_grinder

Skill      XL: |  1  2  3  4 |
---------------+-------------+-----
Axes           | 3 4 5 |  5.3
Fighting       | |  2.0
Throwing       | |  1.0
Armour         | |  1.1
Dodging        | |  2.1
Spellcasting   | |  2.0
Translocations | |  2.4

Action                   |  1- 3 |  4- 6 || total
-------------------------+-------+-------++-------
Melee: Hand axe          |    87 |    26 ||   113
       Peck              |    14 |     4 ||    18
       Kick              |    18 |    10 ||    28
Throw: Boomerang         |     7 |       ||     7
  Use: Scroll            |     2 |       ||     2
       Potion            |       |     1 ||     1
Armor: Leather armour    |    30 |       ||    30
       Chain mail        |     6 |    13 ||    19
Dodge: Dodged            |    38 |    15 ||    53

Table legend:
 A = Non-vault XP
 B = Vault XP
 C = Vault XP percentage of total XP
 D = Non-vault monster count
 E = Vault monster count
 F = Vault count percentage of total count
                 A         B        C        D         E       F
            +---------+---------+-------+---------+---------+-------
      Total |     138 |      10 |   6.8 |      48 |       4 |   7.7
            +---------+---------+-------+---------+---------+-------
        D:1 |      54 |       0 |   0.0 |      34 |       0 |   0.0
        D:2 |      43 |      10 |  18.9 |      11 |       4 |  26.7
        D:3 |      41 |       0 |   0.0 |       3 |       0 |   0.0
            +---------+---------+-------+---------+---------+-------
